 Dungeon Crawl Stone Soup version 0.31.0-11-ge490571c62 (webtiles) character file.

Game seed: 8008819476216106060

4312 qw the Skirmisher (level 10, 0/56 (58) HPs)
             Began as a Deep Elf Hunter on Feb 4, 2024.
             Was a Believer of Okawaru.
             Slain by a wight
             ... wielding a +0 morningstar
              (2 damage)
             ... on level 8 of the Dungeon.
             The game lasted 00:00:40 (5499 turns).

qw the Skirmisher (Deep Elf Hunter)                 Turns: 5499, Time: 00:00:40

HP:   0/56 (58)     AC: 19    Str: 11    XL:     10   Next: 11%
MP:   13/15         EV: 20    Int: 14    God:    Okawaru [**....]
Gold: 50            SH:  0    Dex: 24    Spells: 9/9 levels left

rFire   . . .        l - +2 sling (heavy)
rCold   + . .        (no shield)
rNeg    . . .        c - +2 ring mail
rPois   .            e - +2 helmet "Piseuli" {rF- Will+++ Dex+2 SInv}
rElec   .            q - scarf {rC+ rF+}
rCorr   .            (no gloves)
SInv    +            d - +2 pair of boots
Will    ++++.        h - amulet of regeneration
Stlth   +++          k - +4 ring of protection
HPRegen 1.09/turn    (no ring)
MPRegen 0.14/turn

%: no passive effects
@: lethally poisoned (0 -> -4), heroic, lightly drained
A: agile 1, MP-powered wands
a: Renounce Religion, Heroism


You were on level 8 of the Dungeon.
You worshipped Okawaru.
Okawaru was pleased with you.
You visited 1 branch of the dungeon, and saw 8 of its levels.

You collected 383 gold pieces.
You spent 333 gold pieces at shops.


Innate Abilities, Weirdness & Mutations

You are agile. (Dex +4, Str/Int -1)
You expend magic power (3 MP) to strengthen your wands.


   Skills:
 + Level 4.9(9.9) Fighting
 - Level 14.8(19.8) Ranged Weapons
 - Level 2.2(7.2) Armour
 - Level 8.2(13.2) Dodging
 - Level 1.2(6.2) Stealth
 - Level 4.0 Invocations


You had 9 spell levels left.
You didn't know any spells.
Your spell library was empty.

Inventory:

Hand Weapons
 l - a +2 heavy sling (weapon)
Armour
 c - a +2 ring mail (worn)
 d - a +2 pair of boots (worn)
 e - the +2 helmet "Piseuli" (worn) {rF- Will+++ Dex+2 SInv}
   (You acquired it on level 1 of the Dungeon)

   Dex+2:     It affects your dexterity (+2).
   rF-:       It makes you vulnerable to fire.
   Will+++:   It greatly increases your willpower.
   SInv:      It lets you see invisible.
 o - a +0 cloak
 q - a scarf of resistance (worn)
 r - a +0 helmet
 w - a +0 leather armour of fire resistance
Jewellery
 b - a ring of willpower
 h - an amulet of regeneration (around neck)
 k - a +4 ring of protection (left hand)
 n - a ring of fire
 p - a ring of ice
Wands
 a - a wand of polymorph (12)
 i - a wand of digging (8)
Scrolls
 j - 2 scrolls of identify
Potions
 f - 5 potions of curing
 g - a potion of mutation
 v - a potion of resistance

Dungeon Overview and Level Annotations

Branches:
Dungeon (8/15)             Temple (0/1) D:7
   Lair: D:8-11

Altars:
Elyvilon
Gozag
Hepliaklqana
Kikubaaqudgha
Okawaru
Uskayaw
Vehumet
Zin

Shops:
D:7 ?[[

Annotations:
D:7 3 runed translucent doors, qw's ghost, novice DEHu
D:8 Jeremiah


Message History

The yak is heavily wounded.
You feel sick.
The butterfly disappears in a burst of colours!
The wight closely misses you. The orc misses you.
The wight hits you but does no damage. The yak gores you but does no damage.
The orc priest misses you.
You shoot a sling bullet. The sling bullet barely misses the yak.
The sling bullet misses the butterfly.
You feel sick.
The butterfly disappears in a burst of colours!
The wight closely misses you.
The wight hits you with a +0 long sword.
The orc hits you but does no damage.
You are more poisoned.
The yak misses you. The wight misses you. The orc priest closely misses you.
You shoot a sling bullet. The sling bullet hits the yak.
The yak is heavily wounded.
You feel very sick.
Jeremiah asks, "Am I dreaming?
Is this real?"
The wight barely misses you. The wight misses you. x2
The orc completely misses you. The yak misses you.
The orc priest hits you but does no damage.
You shoot a sling bullet. The sling bullet hits the yak.
The yak is heavily wounded.
You feel sick. The wight hits you but does no damage. The orc misses you.
The wight completely misses you. The yak closely misses you.
The orc priest looks braver for a moment.
The wight barely misses you.
You shoot a sling bullet.
The sling bullet completely misses the yak.
The sling bullet hits the butterfly!!
You kill the butterfly!
The butterfly disappears in a burst of colours!
You feel sick. The wight hits you but does no damage.
The orc hits you but does no damage.
You are more poisoned.
Jeremiah's eyes close briefly, then snap open.
The wight hits you with a +0 morningstar!
You feel drained.
You die...

#.##....b### #...
#.##.#.....# ##...
#..b...#.#[#
?.$."##b#)#.....#
#... #Fb..:#b.!..
#...##b#b.b..#.#..
###.....bbb###...$.#
b.....Y#z#.# .#...
#.z@oo.#.....#
..##.z#o....# #.
......?.#.#....
.....#b#.....#..
##.#.....#.....# ..
#.#.^....#### #
........ .#
##.....#...# ######
## #


You could see Jeremiah, a yak, 3 wights, an orc priest and 2 orcs.

Vanquished Creatures
  Pikel (D:7)
  Maggie (D:7)
  A kobold demonologist (D:7)
  Grinder (D:6)
  5 yaks (D:8)
  A steam dragon (D:6)
  Edmund (D:5)
  A water moccasin (D:7)
  An orc warrior (D:8)
  A black bear (D:5)
  Duvessa (D:7)
  5 ice beasts
  A sky beast (D:7)
  An ogre (D:7)
  2 phantoms
  2 kobold brigands
  Blork the orc (D:5)
  2 scorpions
  A gnoll sergeant (D:7)
  Dowan (D:7)
  3 hounds
  2 jellies (D:5)
  6 orc wizards
  Ijyb (D:5)
  2 iguanas
  2 sleepcaps (D:6)
  5 adders
  A white imp (D:7)
  2 ufetubi (D:6)
  A ribbon worm (D:3)
  4 dart slugs
  14 orcs
  8 ball pythons
  7 endoplasms
  3 giant cockroaches
  4 goblins
  3 hobgoblins
  2 jackals (D:4)
  17 kobolds
  A quokka (D:1)
  4 bats
  6 frilled lizards
  11 rats
140 creatures vanquished.

Notes
Turn   | Place    | Note
-------+----------+-------------------------------------------
     0 | D:1      | qw the Deep Elf Hunter began the quest for the Orb.
     0 | D:1      | Reached XP level 1. HP: 12/12 MP: 3/3
     0 | D:1      | 0 ||| qw: Version: 0.3-a-160-g6735b56
     0 | D:1      | 0 ||| qw: Game counter: 4889
     0 | D:1      | 0 ||| qw: Melee chars always use a shield: true
     0 | D:1      | 0 ||| qw: God list: Okawaru
     0 | D:1      | 0 ||| qw: Allow faded altars: false
     0 | D:1      | 0 ||| qw: Do Orc after clearing Dungeon:15 true
     0 | D:1      | 0 ||| qw: Do second Lair branch before Depths: true
     0 | D:1      | 0 ||| qw: Lair rune preference: random
     0 | D:1      | 0 ||| qw: Goals: Normal
     0 | D:1      | 0 ||| PLANNING D:1-11
   181 | D:1      | Reached XP level 2. HP: 16/16 MP: 4/4
   184 | D:1      | Reached skill level 6 in Ranged Weapons
   595 | D:1      | Reached XP level 3. HP: 20/20 MP: 5/5
   758 | D:1      | 758 ||| UPGRADING to +0 pair of boots.
   763 | D:1      | 763 ||| UPGRADING to amulet of regeneration.
   768 | D:1      | 768 ||| READING scroll labelled FIGIAW EVOACS.
   768 | D:1      | 768 ||| IDENTIFYING scroll labelled UBIYNLOCKIQ
   769 | D:1      | 769 ||| READING scroll labelled XODUFF LUEW ARUS.
   769 | D:1      | Identified a scroll of acquirement
   769 | D:1      | 769 ||| ACQUIRING +2 helmet "Piseuli" {rF- Will+++ Dex+2
                  | SInv}
   769 | D:1      | Acquired the +2 helmet "Piseuli" {rF- Will+++ Dex+2 SInv}
   771 | D:1      | 771 ||| UPGRADING to +2 helmet "Piseuli" {rF- Will+++ Dex+2
                  | SInv}.
   776 | D:1      | 776 ||| READING scroll labelled ORIOWA ZOPRALO.
   877 | D:1      | 877 ||| READING scroll labelled SEVAUKEFFU.
   878 | D:1      | 878 ||| DROPPING scroll of butterflies.
   879 | D:1      | 879 ||| DROPPING scroll of revelation.
  1108 | D:2      | Reached skill level 7 in Ranged Weapons
  1127 | D:2      | Found a faded altar of an unknown god.
  1250 | D:2      | Found a glowing silver altar of Zin.
  1357 | D:2      | 1357 ||| SWAPPING to +2 heavy sling.
  1358 | D:2      | 1358 ||| DROPPING +0 shortbow.
  1620 | D:2      | 1620 ||| UPGRADING to +0 scale mail.
  1630 | D:2      | 1630 ||| DROPPING +0 leather armour.
  1631 | D:2      | 1631 ||| READING scroll labelled ZERGHA JIENO.
  1632 | D:2      | 1632 ||| READING scroll labelled JALIKLO IRALA.
  1633 | D:2      | 1633 ||| READING scroll labelled KERAUGR HEWUQO.
  1634 | D:2      | 1634 ||| DRINKING 2 coppery potions.
  1634 | D:2      | Gained mutation: You are agile. (Dex +4, Str/Int -1)
                  | [potion of mutation]
  1634 | D:2      | Gained mutation: You expend magic power (3 MP) to
                  | strengthen your wands. [potion of mutation]
  1635 | D:2      | 1635 ||| DRINKING 3 clear potions.
  1636 | D:2      | 1636 ||| DRINKING 2 sedimented dark potions.
  1677 | D:2      | 1677 ||| DROPPING 2 potions of attraction.
  1678 | D:2      | 1678 ||| DROPPING potion of lignification.
  1963 | D:3      | Reached XP level 4. HP: 25/25 MP: 6/6
  2021 | D:3      | Found an ancient bone altar of Kikubaaqudgha.
  2281 | D:3      | 2281 ||| UPGRADING to +0 ring mail.
  2291 | D:3      | 2291 ||| DROPPING +0 scale mail.
  2292 | D:3      | 2292 ||| READING scroll of identify.
  2292 | D:3      | 2292 ||| IDENTIFYING lumpy orange potion
  2293 | D:3      | 2293 ||| READING scroll labelled CECIN FOKHLA.
  2294 | D:3      | 2294 ||| READING scroll labelled GEOMUXZ CUHA.
  2295 | D:3      | 2295 ||| READING 3 scrolls labelled HASHEKHIGYW.
  2295 | D:3      | 2295 ||| ENCHANTING +0 pair of boots.
  2296 | D:3      | 2296 ||| READING 2 scrolls of enchant armour.
  2296 | D:3      | 2296 ||| ENCHANTING +1 pair of boots.
  2297 | D:3      | 2297 ||| READING scroll of enchant armour.
  2297 | D:3      | 2297 ||| ENCHANTING +0 ring mail.
  2298 | D:3      | 2298 ||| READING scroll labelled MOPUKE VOSS.
  2301 | D:3      | 2301 ||| DROPPING potion of magic.
  2462 | D:4      | Reached skill level 8 in Ranged Weapons
  2616 | D:4      | Identified the +0 robe of Yjero {SInv}
  2891 | D:4      | 2891 ||| DROPPING +0 robe of Yjero {SInv}.
  2892 | D:4      | 2892 ||| READING 2 scrolls of identify.
  2892 | D:4      | 2892 ||| IDENTIFYING fuming green potion
  2893 | D:4      | 2893 ||| READING scroll of identify.
  2893 | D:4      | 2893 ||| IDENTIFYING 2 lumpy purple potions
  2894 | D:4      | 2894 ||| READING scroll labelled EFOMUI TUIMAM.
  2895 | D:4      | 2895 ||| READING scroll labelled PUFRAD VIBLESHRA.
  2906 | D:4      | 2906 ||| READING scroll labelled OTSIPOFU MALA.
  3036 | D:5      | Entered Level 5 of the Dungeon
  3039 | D:5      | Noticed a phantom
  3043 | D:5      | Killed a phantom
  3044 | D:5      | Reached XP level 5. HP: 29/29 MP: 7/7
  3045 | D:5      | Reached skill level 9 in Ranged Weapons
  3063 | D:5      | Noticed Ijyb
  3071 | D:5      | Killed Ijyb
  3081 | D:5      | Noticed Edmund
  3090 | D:5      | HP: 7/29 [Edmund/+1 heavy dire flail (5)]
  3091 | D:5      | 3091 ||| DRINKING 2 potions of heal wounds.
  3096 | D:5      | Killed Edmund
  3097 | D:5      | Reached XP level 6. HP: 17/34 MP: 8/8
  3215 | D:5      | Noticed Blork the orc
  3219 | D:5      | Killed Blork the orc
  3220 | D:5      | Reached skill level 1 in Armour
  3220 | D:5      | Reached XP level 7. HP: 40/40 MP: 9/9
  3390 | D:5      | Found a white marble altar of Elyvilon.
  3529 | D:5      | 3529 ||| UPGRADING to +4 ring of protection.
  3530 | D:5      | 3530 ||| READING 2 scrolls of identify.
  3530 | D:5      | 3530 ||| IDENTIFYING fuming clear potion
  3531 | D:5      | 3531 ||| DROPPING potion of ambrosia.
  3571 | D:6      | Reached skill level 10 in Ranged Weapons
  3601 | D:6      | Noticed Grinder
  3609 | D:6      | Killed Grinder
  3610 | D:6      | Reached skill level 11 in Ranged Weapons
  3633 | D:6      | Reached XP level 8. HP: 45/45 MP: 10/10
  3640 | D:6      | Reached skill level 12 in Ranged Weapons
  3745 | D:6      | 3745 ||| READING scroll of enchant armour.
  3745 | D:6      | 3745 ||| ENCHANTING +1 ring mail.
  3812 | D:6      | Reached skill level 3 in Fighting
  3899 | D:6      | Found a hazy altar of Hepliaklqana.
  3953 | D:6      | Found an iron altar of Okawaru.
  3954 | D:6      | 3954 ||| PLANNING OKAWARU WORSHIP
  3954 | D:6      | 3954 ||| UPGRADING to scarf of resistance.
  3959 | D:6      | 3959 ||| READING scroll of identify.
  3959 | D:6      | 3959 ||| IDENTIFYING 3 fizzy ruby potions
  3960 | D:6      | 3960 ||| DROPPING 3 potions of brilliance.
  3963 | D:6      | Became a worshipper of Warmaster Okawaru
  3964 | D:6      | 3964 ||| PLANNING D:1-11
  3974 | D:6      | Found a radiant altar of Vehumet.
  4009 | D:6      | HP: 11/46 [steam dragon] (7)]
  4054 | D:6      | Found an opulent altar of Gozag.
  4158 | D:7      | Found a runed translucent gate.
  4159 | D:7      | Found a runed translucent gate.
  4161 | D:7      | Found a runed translucent gate.
  4238 | D:7      | Found a staircase to the Ecumenical Temple.
  4275 | D:7      | Reached skill level 13 in Ranged Weapons
  4362 | D:7      | Found a hide-covered altar of Uskayaw.
  4371 | D:7      | Reached * piety under Okawaru
  4396 | D:7      | Found Olone's Antique Armour Shoppe.
  4405 | D:7      | 4405 ||| BUYING helmet (117 gold).
  4405 | D:7      | Bought a helmet for 117 gold pieces
  4405 | D:7      | 4405 ||| BUYING runed robe (96 gold).
  4405 | D:7      | Bought a runed robe for 96 gold pieces
  4405 | D:7      | 4405 ||| BUYING runed robe (96 gold).
  4405 | D:7      | Bought a runed robe for 96 gold pieces
  4448 | D:7      | Noticed Maggie
  4449 | D:7      | 4449 ||| INVOKING Heroism.
  4449 | D:7      | Noticed Pikel
  4450 | D:7      | 4450 ||| RETREEEEATING.
  4465 | D:7      | Killed Pikel
  4466 | D:7      | Reached skill level 14 in Ranged Weapons
  4466 | D:7      | Reached XP level 9. HP: 39/51 MP: 11/11
  4466 | D:7      | 4466 ||| INVOKING Heroism.
  4472 | D:7      | Killed Maggie
  4473 | D:7      | Reached skill level 6 in Dodging
  4501 | D:7      | Reached ** piety under Okawaru
  4514 | D:7      | Found Temniuh's Magic Scroll Boutique.
  4523 | D:7      | 4523 ||| SHOPLISTING scroll of enchant weapon (90 gold,
                  | have 44).
  4523 | D:7      | 4523 ||| BUYING scroll of identify (24 gold).
  4523 | D:7      | Bought a scroll of identify for 24 gold pieces
  4523 | D:7      | 4523 ||| SHOPLISTING scroll of identify (24 gold, have 20).
  4523 | D:7      | 4523 ||| SHOPLISTING scroll of teleportation (36 gold, have
                  | 20).
  4542 | D:7      | Noticed qw's ghost (novice DEHu)
  4577 | D:7      | Noticed a kobold demonologist
  4578 | D:7      | 4578 ||| INVOKING Heroism.
  4581 | D:7      | Noticed a rust devil
  4581 | D:7      | 4581 ||| RETREEEEATING.
  4582 | D:7      | 4582 ||| RETREEEEATING.
  4583 | D:7      | 4583 ||| RETREEEEATING.
  4598 | D:7      | 4598 ||| INVOKING Heroism.
  4599 | D:7      | Killed a kobold demonologist
  4600 | D:7      | Reached skill level 3 in Invocations
  4833 | D:7      | Found Poyfaufu's Armour Emporium.
  4837 | D:7      | Noticed Duvessa
  4838 | D:7      | Noticed Dowan
  4843 | D:7      | Killed Duvessa
  4844 | D:7      | 4844 ||| INVOKING Heroism.
  4845 | D:7      | Killed Dowan
  4868 | D:7      | 4868 ||| SHOPLISTING +2 ring mail of fire resistance (336
                  | gold, have 29).
  5018 | D:7      | 5018 ||| DROPPING +2 robe of willpower.
  5019 | D:7      | 5019 ||| DROPPING +1 robe of willpower.
  5020 | D:7      | 5020 ||| READING 3 scrolls of identify.
  5020 | D:7      | 5020 ||| IDENTIFYING silvery potion
  5021 | D:7      | 5021 ||| DROPPING wand of flame (19).
  5322 | D:8      | 5322 ||| READING 2 scrolls of identify.
  5322 | D:8      | 5322 ||| IDENTIFYING cyan potion
  5323 | D:8      | 5323 ||| DROPPING potion of degeneration.
  5396 | D:8      | Noticed Jeremiah
  5404 | D:8      | 5404 ||| INVOKING Heroism.
  5423 | D:8      | HP: 11/45 [Jeremiah/+4 trident of draining (5)]
  5424 | D:8      | 5424 ||| READING scroll of teleportation.
  5470 | D:8      | 5470 ||| RETREEEEATING.
  5471 | D:8      | 5471 ||| RETREEEEATING.
  5472 | D:8      | 5472 ||| RETREEEEATING.
  5473 | D:8      | 5473 ||| RETREEEEATING.
  5474 | D:8      | 5474 ||| RETREEEEATING.
  5475 | D:8      | 5475 ||| RETREEEEATING.
  5476 | D:8      | 5476 ||| INVOKING Heroism.
  5482 | D:8      | Reached XP level 10. HP: 27/57 MP: 13/15
  5482 | D:8      | 5482 ||| RETREEEEATING.
  5486 | D:8      | 5486 ||| INVOKING Heroism.
  5491 | D:8      | HP: 10/58 [wight/+0 morningstar (5)]
  5492 | D:8      | 5492 ||| DRINKING potion of heal wounds.
  5496 | D:8      | HP: 14/58 [wight/+0 long sword (2)]
  5499 | D:8      | HP: 2/58 [wight/+0 morningstar (7)]
  5499 | D:8      | Slain by a wight

Levels and vault maps discovered:
D:1:      psy_arrival_conway, layout_loops_ring, nrook_mini_vaults
D:2:      layout_basic, basic_altar, shapermc_ecumenical_altar_rom_forum
D:3:      layout_loops_ring, mainiacjoe_overflow_catwalk, dreamdust_wishing_well
D:4:      layout_gridville
D:5:      layout_cave_pools, elyvilon_altar_3, uniq_edmund, uniq_blork_the_orc,
          uniq_ijyb
D:6:      layout_cave_pools, worldfamousw_hep_ancestral_shrine,
          grunt_gozag_breadcrumbs, mainiacjoe_overflow_swirl, uniq_grinder
D:7:      layout_loops_cross, eat_drink_and_be_merry_uskayaw,
          minmay_temple_entry_from_below_a, gammafunk_ghost_icy, serial_shops,
          shop, nicolae_shop_waterfront, shop, minmay_circle_x, uniq_pikel,
          uniq_duvessa, uniq_maggie
D:8:      layout_loops_ring, zin_academy, hangedman_decor_points,
          lightli_corner_chamber, uniq_jeremiah

Skill      XL: |  1  2  3  4  5  6  7  8  9 |
---------------+----------------------------+-----
Ranged Weapons | 6 7 8 9 11 14 | 14.8
Dodging        | 4 5 8 |  8.2
Fighting       | 2 3 4 |  4.9
Armour         | 1 2 |  2.2
Invocations    | 4 |  4.0
Stealth        | |  1.2

Action                     |  1- 3 |  4- 6 |  7- 9 | 10-12 || total
---------------------------+-------+-------+-------+-------++-------
   Fire: Shortbow          |    90 |       |       |       ||    90
         Sling             |    14 |    88 |   207 |    16 ||   325
 Invoke: Heroism           |       |       |     7 |     1 ||     8
    Use: Scroll            |     7 |    12 |     6 |       ||    25
         Potion            |     3 |     1 |       |     1 ||     5
 Armour: Leather armour    |     9 |       |       |       ||     9
         Scale mail        |     2 |       |       |       ||     2
         Ring mail         |       |    45 |    90 |    29 ||   164
  Dodge: Dodged            |    16 |    28 |    94 |    76 ||   214

Table legend:
 A = Non-vault XP
 B = Vault XP
 C = Vault XP percentage of total XP
 D = Non-vault monster count
 E = Vault monster count
 F = Vault count percentage of total count
                 A         B        C        D         E       F
            +---------+---------+-------+---------+---------+-------
      Total |    4151 |    2009 |  32.6 |     129 |      11 |   7.9
            +---------+---------+-------+---------+---------+-------
        D:1 |      45 |       0 |   0.0 |      27 |       0 |   0.0
        D:2 |      45 |       0 |   0.0 |      16 |       0 |   0.0
        D:3 |      14 |       0 |   0.0 |       8 |       0 |   0.0
        D:4 |      87 |       0 |   0.0 |      15 |       0 |   0.0
        D:5 |     433 |     277 |  39.0 |       8 |       3 |  27.3
        D:6 |     725 |     272 |  27.3 |      12 |       1 |   7.7
        D:7 |    1137 |    1460 |  56.2 |      20 |       7 |  25.9
        D:8 |    1665 |       0 |   0.0 |      23 |       0 |   0.0
            +---------+---------+-------+---------+---------+-------
